Workbook
Name date_fichier: #REF!

Sheet Feuille de route
B1: Révision : B - 24/01/2018 | D1: Feuille de route formation Kemsley
B3: Objectif : Bien définir les besoins et mettre en place un package de formation standardisé et industrialisé, définir également quels points ne seront pas inclus dans la formation de base mais qui pourront faire l'objet d'une facturation annexe en tant que modules optionnels
B5: Tâche reliée | C5: A réaliser | D5: Commentaires / Détails | E5: Priorité | F5: Temps prévu (1/2 journée) | G5: Réalisé | H5: Objectif du point | J5: Grand total | K5: Réalisé | L5: Indicateur | N5: Commentaires
A6: 1 | B6: A | C6: Matrice de formation | D6: Utiliser la verson d'Antonio sur Wilton (bien refaire les notations de la qualité de la formation des opérateurs cela permettra de communiquer plus facilement durant les board meeting avec le client) | E6: + | F6: 2 | G6: 1 | N6: Est-ce qu'il y a vraiment un intérêt ? Bruno pas chaud, car les notes peuvent nous retomber dessus
A7: 2 | B7: A | D7: Faire une génération automatique des fiches de résultats de chaque personne avec un graphique de type radar, avec en fonction du niveau du gars les notations minimum "éliminatoires" | E7: - | F7: 4 | G7: 0.95 | J7: =SUM(F7:F71) -> 159 | K7: =SUM(Q7:Q71) -> 98.85 | Q7: =F7*G7 -> 3.8
A8: 3 | B8: A | D8: Faire une matrice avec tous les items bien détaillés, puis arranger les journées de formation pour avoir plusieurs items qui se suivent en s'enchainent (Town water puis Raw water puis demin, puis reagent injections, etc…) | E8: + | F8: 1 | G8: 1 | J8: =J7/2 -> 79.5 | K8: =(K7/J7)*100 -> 62.169811 | L8: =CHOOSE(IF(K8<33,"3",IF(K8>66,"1","2")),"J","K","L") -> K | Q8: =F8*G8 -> 1
A9: 4 | B9: A | D9: Calculer automatiquement si l'opérateur peut prétendre à une position supérieure selon ses résultats dans la fiche d'extraction des données | E9: ° | F9: 1 | G9: 1 | J9: =ROUNDUP((J8/5),0) -> 16 | Q9: =F9*G9 -> 1
A10: 5 | B10: B | C10: Booklet | D10: Réutiliser les booklet de Rémy sur Beddignton et les refaire signer par les formateurs/opérateurs | E10: + | F10: 0 | G10: 0 | H10: Cela motivait les opérateurs (ceux qui ont le plus tendance à lambiner) | N10: Mauvaise idée, il y a un risque d'avoir plusieurs informations contradictoires, laisser la matrice de suivi et l'export hedbomadaire comme unique suivi de la formation | Q10: =F10*G10 -> 0
A11: 6 | B11: B | C11: Booklet | D11: Enlever la case "competent" du booklet pour les training hand on et mettre la mettre en place pour les training operations (à l'aide des procédures opérationnelles les opérateurs seront testés sur certaines tâches comme les nettoyage des filtres FWP, etc...) | E11: - | F11: 0 | G11: 0 | H11: Uriliser le mot "Acquis" plutôt que compétent pour éviter les pb type juridiques | Q11: =F11*G11 -> 0
A12: 7 | B12: C | C12: Créer les fiches de notation | D12: Créer les fiches de notation de la formation, permet d'avoir une idée de la qualité de la formation et de savoir si on estime la personne formée apte à être habilitée (en relation avec le point 1) - Training attendance form 10_training_folow_up - 10_attendance_sheet_template, les relier avec l'export 2 jours pour les avoir remplies pour chaque opérateur pour chaque training Noter dessus le nom du trainer et anonymiser les feuilles pour les opérateurs | E12: + | F12: 1 | G12: 1 | H12: Permettra de se justifier auprès du client sur la qualité ressentie des sessions en weekly meeting | N12: Classroom training : 2 à 3 semaines | Q12: =F12*G12 -> 1
A13: 8 | B13: D | C13: Tool talk box | D13: Modifier le fichier de Rémy (handson toolbox talk) afin d'avoir un fichier excel ou word par training et niveau d'équipe (STL/FRO/etc), au lieu d'un fichier unique avec une multitude d'onglets (un répertoire par lead; un répertoire par niveau STL/FRO etc…) Imprimer aussi les handson tool box talk automatiquement pour chaque session de formation | E13: ° | F13: 1 | G13: 1 | H13: Sera mise en place en relation avec le point 20 (Tache N) | Q13: =F13*G13 -> 1
A14: 9 | B14: E | C14: Procédure | D14: Voir ce qu'il y a comme procédure Windchill de disponible et déjà écrite, voir ce qu'elle inclut voir mettre à jour | E14: + | F14: 1 | G14: 1 | Q14: =F14*G14 -> 1
A15: 10 | B15: E | C15: Procédure | D15: Rajouter dans la procédure de formation lq description du système des booklet et la nécessité de faire signer ces booklets par les opérateurs à la fin de chaque session de formation | E15: - | F15: 1 | G15: 0 | H15: Officialise la démarche | Q15: =F15*G15 -> 0
A16: 11 | B16: E | C16: Procédure | D16: Voir pour intégrer dans le contrat de vente de la prestation de formation une "obligation de présence" pour les opérateurs du client (ASTL/STL et STO) - modifier la procédure de formation pour ajouter ce point | E16: + | F16: 1 | G16: 0 | Q16: =F16*G16 -> 0
A17: 12 | B17: E | C17: Procédure | D17: Voir pour inclure dans la procédure de formation, les conditions de passage des tests 2 tests différents, un au début de la formation, le second à la fin Questions pourraient être différentes (dont certaines vraiment corsées au 1er test pour mettre la pression) Définir que les PID pourront être utilisés lors des tests | E17: + | F17: 3 | G17: 1 | Q17: =F17*G17 -> 3
A18: 13 | B18: E | C18: Procédure | D18: Bien définir dans la procédure qu'il ne sera peut être pas possible de former tout le monde sur tous les systèmes, le planning sera réalisé pour qu'au moins 1 personne de chaque équipe ait fait au moins une formation opération, afin que l'ensemble des teams soient capable de façon collégiale de démarrer l'usine | E18: + | F18: 1 | G18: 1 | H18: Défini dans le module de présentation | Q18: =F18*G18 -> 1
A19: 14 | B19: E | C19: Procédure | D19: Attention à définir des règles strictes lors des examens (pas téléphone, juste PID, etc…) et les diffuser comme règles du jeu avant le début des training, toute personne prise en train de tricher sera sanctionnée (genre - 10 points sur le résultat final + noté dans la fiche de résultat) | E19: + | F19: 0 | G19: 0.6 | Q19: =F19*G19 -> 0
A20: 15 | B20: E | C20: Procédure | D20: Définir un programme de formation qui soit consistant, pas besoin de former sur tous les postes les secrétaires, faire un module de description rapide de l'installation pour le personnel de bureau (secrétaires, H&S, Responsbale maintenance/exploitation, ...) | E20: + | F20: 1 | G20: 1 | H20: Prochain chantier prévoir 2 à 3 jours minimum pour le planning | Q20: =F20*G20 -> 1
A21: 16 | B21: F | C21: Voir le contrat | D21: Regarder ce que le contrat de Kemsley demande en terme de besoin de formation (temps, nombre de personnes, etc…) | E21: + | F21: 4 | G21: 1 | H21: Meilleure estimation sur l'enveloppe d'heures de formation | Q21: =F21*G21 -> 4
A22: 17 | B22: G | C22: Estimation des besoins | D22: Estimation des besoins rééls en temps de formation pour chaque module (Besoin plus importants sur Beddington par rapport au temps réel nécessaire pour chaque système) et création du planning de formation | E22: + | F22: 4 | G22: 1 | H22: Eviter d'avoir un trop grand nombres d'heures prévues (gestion personnel/planning) | Q22: =F22*G22 -> 4
A23: 18 | B23: G | C23: Planning formation | D23: Inclure une période de 1 à 2 semaines à la fin du planning pour les sessions reportées ou des compléments de formation | E23: - | F23: 0 | G23: 1 | H23: Attention point 23 similaire | Q23: =F23*G23 -> 0
A24: 19 | B24: G | C24: Planning formation | D24: Calculer la charge de travail et évaluer le besoin d'une 2ème/3ème personne dédiés à la formation | E24: ° | F24: 1 | G24: 1 | H24: Idem ci-dessous | Q24: =F24*G24 -> 1
A25: 20 | B25: G | C25: Planning formation | D25: Faire un tri dans le planning avec les formations réalisées par les STL Cnim, celles réalisées par les lead et celles réalisées par les ingé process en classroom | E25: ° | F25: 1 | G25: 1 | H25: Permettra une meilleure estimation des besoins en terme de personnel pour la formation | Q25: =F25*G25 -> 1
A26: 21 | B26: G | C26: Planning formation | D26: Voir pour définir 3 à 4 personnes pour formation (1 STL au moins pour la partie découverte site/DCS bloqué pour cette partie ci spécifiquement dédié à la formation) | E26: + | F26: 1 | G26: 1 | Q26: =F26*G26 -> 1
A27: 22 | B27: G | C27: Planning formation | D27: Rajouter sur un pc dédié toutes les documentations (technique, O&MM, etc...), pc sur lequel on installera le simulateur et les vues commentées, faire appel à l'emplacement des documents dans les booklets | E27: - | F27: 1 | G27: 0 | Q27: =F27*G27 -> 0
A28: 23 | B28: G | C28: Planning formation | D28: Splitter les périodes de formations (1 mois formation avec 1 semaine libre) au départ du planning pour les sessions de rattrappage ou les congés clients etc… (à réaliser selon la charge de travail de la formation) | E28: + | F28: 1 | G28: 1 | Q28: =F28*G28 -> 1
A29: 24 | B29: G | C29: Planning formation | D29: Prendre un STL et le bloquer spécifiquement pour la formation durant une période courte (4 x 1 semaine), juste avant le démarrage des shifts | E29: ° | F29: 0 | G29: 1 | Q29: =F29*G29 -> 0
A30: 25 | B30: G | C30: Planning formation | D30: Réaliser le planing de formation pour les 52 personnes de l'usine de Kemsley (voir pour trouver l'organigramme de Kemsley) - Attention à bien faire attention aux jours fériés anglais | E30: + | F30: 6 | G30: 1 | Q30: =F30*G30 -> 6
A31: 26 | B31: G | C31: Planning formation | D31: Mettre en place des formations découverte de l'usine pour les secrétaires etc…. | E31: - | F31: 2 | G31: 1 | Q31: =F31*G31 -> 2
A32: 27 | B32: G | C32: Planning formation | D32: Bien calculer le début de la date de training pour éviter de débuter celui-ci trop tôt quand les équipements sont indisponibles | E32: + | F32: 0 | G32: 1 | H32: Date automatique | Q32: =F32*G32 -> 0
A33: 28 | B33: G | C33: Planning formation | D33: Lab se met à notre diapason, Attention aux problèmes sur Beddington avec les sessions annulées, voir pour envoyer au plus tôt le planning à Bertrand Gey et demander de détacher le personnel nécessaire pour les training (hands on & practice) | E33: + | F33: 0 | G33: 0.3 | N33: Bertand a été contacté pour discuter de l'harmonisation de la documentation | Q33: =F33*G33 -> 0
A34: 29 | B34: G | C34: Planning formation | D34: Mettre sur le planning de départ les dates des examens et s'y tenir (prévoir 1 semaine de gras entre la fin des formations et les examens finaux) | E34: + | F34: 0 | G34: 1 | Q34: =F34*G34 -> 0
A35: 30 | B35: G | C35: Planning formation | D35: Faire un planning après définition des besoins qui se mettrait à jour automatiquement en fonction de la date de démarrage de la formation sur site, avec une mise en place de toutes sessions de formation | E35: + | F35: 2 | G35: 1 | Q35: =F35*G35 -> 2
A36: 31 | B36: G | C36: Planning formation | D36: Voir pour obtenir les informations contrats des achats avec la quantité d'heure de formation pour chaque contrat, pour gérer le planing | E36: ° | F36: 0 | G36: 1 | H36: Premettra de mettre en place un planning correct de training théorique | Q36: =F36*G36 -> 0
A37: 32 | B37: H | C37: Définition du logiciel vues DCS | D37: Définition du logiciel à utiliser pour les vues DCS et popup à mettre en place | E37: ° | F37: 2 | G37: 1 | H37: Trouver le meilleur compromis entre temps/fonctions/prix | Q37: =F37*G37 -> 2
A38: 33 | B38: H | C38: Création des vues DCS | D38: Définition des informations à inclure dans les popup, en fonction de la lourdeur de mise à jour entre chaque projet | E38: + | F38: 2 | G38: 1 | H38: Gardera un objectif clair en fonction des priorités | Q38: =F38*G38 -> 2
A39: 34 | B39: H | C39: Création des vues DCS | D39: Informations de base à inclure dans les popup : KKS, Description (type de fluide; d’où il vient et ou il va) | E39: ° | F39: 40 | G39: 0.9 | H39: Fait pour Beddington | Q39: =F39*G39 -> 36
A40: 35 | B40: H | C40: Création des vues DCS | D40: Information supplémentaires à ajouter : Numéro de ligne sur le PID avec un lien vers le PID dont la ligne est surlignée (renommer chaque PID en utilisant le numéro de la ligne surlignée sur le PID) | E40: - | F40: 0 | G40: 0 | H40: Permettra d'avoir un accès plus rapide aux PID | N40: Annulé par Bruno pour Kemsley/Beddington | Q40: =F40*G40 -> 0
A41: 36 | B41: H | C41: Vues DCS | D41: Possibilité de GMAO sur Valmet, voir avec Gilles, comment ou et combien de temps pour intégrer éventuellement les infos sur la maintenance que Michal rentre dans sa base donnée et les rendres disponibles sur le système Metso. | E41: - | F41: 0 | G41: 0 | H41: Pas Possible apparemment confirmer avec Bruno | Q41: =F41*G41 -> 0
A42: 37 | B42: I | C42: Questionnaire présentable | D42: Réaliser un mini questionnaire à fournir au client, qui ne sera pas utilisé durant les tests (pour lui montrer à quoi ressemblent les questionnaires) | E42: ° | F42: 1 | G42: 1 | H42: Fournir un exemple de questionnaire "blanc" - Réalisé dans la présentation | N42: Réalisé dans le powerpoint de présentation "Sale of training service" | Q42: =F42*G42 -> 1
A43: 38 | B43: I | C43: Présentation | D43: Créer le powerpoint du weekly meeting, avec une intégration des stats excel mises à jour automatiquement, ne pas mettre les notes moyennes des training (notes ressenties par les formés) | E43: + | F43: 2 | G43: 0.3 | Q43: =F43*G43 -> 0.6
A44: 39 | B44: I | C44: Présentation | D44: Créer une présentation au client du package de formation (matrice de suivi, weekly meeting presentation; etc… | E44: - | F44: 2 | G44: 1 | Q44: =F44*G44 -> 2
A45: 40 | B45: J | C45: TdB fichier synthèse | D45: Mettre en place le tableau de bord du fichier de synthèse | E45: + | F45: 2 | G45: 1 | Q45: =F45*G45 -> 2
A46: 41 | B46: K | C46: TdB fichier matrice formation | D46: Mettre en place le tableau de bord de la matrice de formation | E46: - | F46: 2 | G46: 0.75 | Q46: =F46*G46 -> 1.5
A47: 42 | B47: K | C47: TdB fichier matrice formation | D47: Dans le tableau de bord de la matrice de formation, mettre en place une ségrégation entre les systèmes qui ne sont pas disponibles pour la partie "Training" au moment de la formation (typiquement les wastes cranes par exemple) | E47: + | F47: 2 | G47: 0 | H47: Sortir du non réalisé les systèmes indisponibles dans le tableau de synthèse | Q47: =F47*G47 -> 0
A48: 43 | B48: K | C48: TdB fichier matrice formation | D48: Dégager la partie civil des tranning = gestion par civil work company (sur Kemsley clugston est notre sous traitant) Voir pour récuperer les infos de Bedddington (training et commissioning procédures de Lagan), pour qu'on puisse donner un exemple de document que l'on souhaite chez Clugston afin de les forcer à produire quelque chose | E48: - | F48: 4 | G48: 0.25 | H48: Proposition de timing, devrait être bon, verra en fonction des remarques du client | Q48: =F48*G48 -> 1
A49: 44 | B49: L | C49: Index documents | D49: Faire un index dans le répertoire de base ou sont contenus tous les fichiers en HTML, afin d'avoir une rapide vue des fichiers contenus dans le répertoire (voir pour utiliser un logiciel de mindmapping pour créer l'arborecence) | E49: - | F49: 1 | G49: 0.75 | Q49: =F49*G49 -> 0.75
A50: 45 | B50: M | C50: Questionnaire | D50: Faire une grille de réponses types pour éviter au maximum une notation différente en fonction de la personne qui corrige | E50: ° | F50: 8 | G50: 0.5 | H50: Eviter des déviances sur les notations si plusieurs corecteurs | Q50: =F50*G50 -> 4
A51: 46 | B51: M | C51: Questionnaire | D51: Revérifier tous les questionnaires et contrôler que chacun est bien formulé et mise à jour par rapport aux spécificités de Kemsley | E51: + | F51: 4 | G51: 0.5 | H51: Contrôler la pertinence des questions | Q51: =F51*G51 -> 2
A52: 47 | B52: M | C52: Questionnaire | D52: Créer une grille des résultats en fonction de la difficulté de chaque question, afin de baisser le seuil des "non admis" chez les opérateurs / FRO par exemple | E52: - | F52: 4 | G52: 0.8 | H52: Avoir une grille de résultat pertinente et présentable au client | Q52: =F52*G52 -> 3.2
A53: 48 | B53: M | C53: Questionnaire | D53: Pour certaines questions voir pour mettre en place QCM (les débits ID Fan typiquement, ou les questions sur les débits cendres etc… | E53: - | F53: 2 | G53: 1 | Q53: =F53*G53 -> 2
A54: 49 | B54: M | C54: Questionnaire | D54: Voir pour refaire corriger les questions crées sur Beddignton par Harriet/Celine pour avoir une version anglaise "parfaite" et débuter avec un set "anglais ready" | E54: + | F54: 0 | G54: 0.8 | Q54: =F54*G54 -> 0
A55: 50 | B55: M | C55: Questionnaire | D55: Faire plusieurs sets de questions, pour s'assurer que même si un set est copié, les réponses ne seront pas diffusées pour le second test | E55: - | F55: 2 | G55: 0 | Q55: =F55*G55 -> 0
A56: 51 | B56: M | C56: Questionnaire | D56: Catégoriser les réponses types, pour avoir des questions "éliminatoires" pour les FRO, les STO, ASTL et STL, Mec etc… | E56: ° | F56: 6 | G56: 0 | Q56: =F56*G56 -> 0
A57: 52 | B57: N | C57: Assement forms | D57: Créer un publipostage depuis Excel pour remplir, sauvegarder et imprimer automatiquement les attendances form, afin de ne garder qu'un tableau des team du client, et derrière une génération automatique de tous les documents avec une sauvegarde de chaque document dans le répertoire qui va bien sur le Vgroup | E57: - | F57: 2 | G57: 1 | H57: Faciliter la création des documents entre les différents projets | N57: Ok réalisé la génération auto des attendance forms | Q57: =F57*G57 -> 2
A58: 53 | B58: R | C58: Assement forms | D58: Rajouter dans les attendance forms le détail complet de tous les items composants chaque module de formation, non pas comme aujourd'hui un index général avec un risque d'oublier une partie importante | E58: + | F58: 1 | G58: 1 | H58: Evite un risque d'oubli d'un élément (voir point 26) | Q58: =F58*G58 -> 1
A59: 54 | B59: S | C59: Procédures opérationnelles | D59: Créer le reste des procédures opérationelles (Mise en conservation des osmoseurs inverses par exemple) et appeler ces procédures opérationnelles durant la formation afin de s'assurer que les opérateurs aient vu et mis en pratique ces procédures | E59: ° | F59: 20 | G59: 0 | H59: A créer spécifiquement pour les tâches rarement réalisées (1 à 2 fois / an) | Q59: =F59*G59 -> 0
A60: 55 | B60: S | C60: Procédures opérationnelles | D60: Lister le reste des procédures opérationnelles | E60: + | F60: 2 | G60: 0 | H60: En lien avec le point 26 | Q60: =F60*G60 -> 0
A61: 56 | B61: S | C61: Procédures opérationnelles | D61: Péparer les EPI nécessaires pour chaque opération, si pas défini dans les procédures opérationnelles (je pense aux dépotage de produits chimiques | E61: + | F61: 2 | G61: 0 | Q61: =F61*G61 -> 0
A62: 57 | B62: S | C62: Procédures opérationnelles | D62: Faire une liste claire des procédures opérationnelles a utiliser durant le Practice training à fournir au client | E62: + | F62: 1 | G62: 0 | Q62: =F62*G62 -> 0
A63: 58 | B63: S | C63: Procédures opérationnelles | D63: Modifier toutes les procédures opérationnelles pour inclure les RAMS y compris celle qui concernent le démarrage complet de l'installation, faire un rappel des connaissances théoriques / pratiques au début de la session, afin de tester leur connaissances et faire la notation sur ces questions (laisser un encart sur les questions posées pendant la session) | E63: + | F63: 6 | G63: 0 | Q63: =F63*G63 -> 0
A64: 59 | D64: Laisser mettre en place un recto verso sur une page A4 maxi comme mémo pour tous les sujets défini comme non acquis par chaque opérateur (sans laisser la possibilité d'utiliser le book complet) | F64: 0 | G64: 0 | Q64: =F64*G64 -> 0
A65: 60 | D65: Demander à Jean Claude les autorisations pour aller sur Windchill et G:\ pour Kemsley | E65: + | F65: 0 | G65: 1 | Q65: =F65*G65 -> 0
A66: 61 | C66: Automatisation planning | D66: Catégoriser les modules (4 = utilités) et mettre un indice pour chaque module (4a = compressed air/4b = raw water), dans le planning faire une macro pour rechercher automatiquement en amont/aval si le module est déjà inscrit pour voir plus facilement si le module est déjà (pour le groupe considéré évidemment | E66: - | G66: 1 | H66: Hors scope départ | Q66: =F66*G66 -> 0
B67: S | C67: Procédures opérationnelles | D67: Reprendre les procédures opérationnelles pour utiliser celles qui peuvent être mises en œuvre durant la MES à chaud (toutes les procédures opérationnelles actuelles ne pourront pas être utilisées telle quelles pour le practice, attention de ne pas se faire épingler par le client !) | E67: ° | G67: 0 | H67: Hors scope départ | Q67: =F67*G67 -> 0
B68: E | C68: Procédure | D68: Voir avec Aydin sur Beddington pour écrire une procédure qui permette de conclure la période de formation avec toutes les infos, sur les résultats des tests, les fiches d'export résultats, les comportements des personnels, les taux de présence/absence, etc... | E68: - | G68: 0.1 | H68: Hors scope départ | Q68: =F68*G68 -> 0
C69: Matrice de formation | D69: Prendre en considération dans l'indicateur du progress unqiuement les theoritical, handson et 2 assements, à la fin de cette période, on considère les gens qui ont passé les tests comme formés du coup les procédures opérationnelles en practice sont des consolidations et on ne les considère plus comme un training qui rentre dans l'indicateur, mais plutôt on met en place l'indicateur global, une fois que chaque procédure opérationnelle est réalisée on est à 100% de progress même si chaque équipe n'a pas testé toute les procédure op. Dans le progress définir aussi les taux de non présentation aux formations, voir comment faire sur la matrice pour signaler les absences | E69: + | G69: 0.5 | H69: Hors scope départ | N69: Procédure formation prends ce point en considération, reste à travailler sur le progress des individus | Q69: =F69*G69 -> 0
C70: Procédure | D70: Définition d'une personne compétente, des acquis, des consolidations etc… c'est très important pour nos usines anglaises, tout ca dans la procédure de training | E70: + | G70: 0.95 | H70: Hors scope départ | Q70: =F70*G70 -> 0
C71: Qualité | D71: Voir avec Claude Leray, pour lui donner des indicateurs pour l'avancement du training, mais attention à ne pas faire un truc trop complexe, il ne faut pas que ca soit une usine à gaz car cela sera discuté en réunion d'avancement avec Claude B. et David C. | E71: ° | G71: 0.1 | H71: Hors scope départ | Q71: =F71*G71 -> 0
C72: Matrice de formation | D72: Aydin propose de récupérer tous les commentaires de chaque session de formation et de les intégrer à la matrice pour pouvoir faire un tri sur les commentaires bon/pas bon/excellent, etc… il demande aussi à généraliser l'ajout d'un commentaire, même si la session de formation était bonne pour éviter de voir des avis très bon qui est en fait juste une manière pour l'opérateur de zapper cette étape | E72: - | G72: 1 | H72: Hors scope départ | N72: La notion de commentaire obligatoire est notifiée sur la fiche de training individuelle, avec en plus un ajout sur ce qui serait intéressant d'ajouter ou de retirer dans chaque session | Q72: =F72*G72 -> 0
C73: Planning formation | D73: Faire un export de la date du jour avec les formations prévues pour chaque formateur pour le lendemain/ et jour suivant afin de les aider à préparer les training, utiliser la méthode de calcul du nombre de formateur dans le planning pour aider les gens à connaitre le module et derrière, prévoir de récupérer le module de formation correspondant (attention nécessitée d'exporter chaque module de formation (toolbox talk) que j'aurais exporter et renommer avec les code du module pour chaque fichier) , attention prendre en compte le dépassement du nbre maxi de formateurs quand c'est une formation dispensée par le fournisseur Noter aussi sur cet export le nom des participants mais aussi voir si ce sont seulement les STL ou toute l'équipe d'opération | E73: + | G73: 1 | H73: Hors scope départ | Q73: =F73*G73 -> 0
C74: Matrice de formation | D74: Voir pour utiliser le même fichier que sur Beddington pour le suivi des personnels mais en plus mettre en place un onglet sur lequel on aura pour chaque ligne correspondant à une personne, une colone avec la date du training, le module, absence/présence, commentaire du trainee, et rebelotte sur le nombre de colonne nécessaire jusqu'à la fin du training, voir pour le faire pour le training theorique et surtout pour le handson | E74: ° | G74: 0 | H74: Hors scope départ | Q74: =F74*G74 -> 0
C75: Compte rendu de formation | D75: Voir pour faire un export de la formation complète, avec les fiches d'export individuelles, avec les dates d'arrivée (surtout si pb de décalage par rapport aux autres), taux d'absentéisme, commentaires avec les retours des notations | E75: ° | G75: 0 | H75: Hors scope départ
C76: Comtpe rendu de formation | D76: Mettre en place le fichier d'évaluation de nos chefs de quart sur les opérateurs du client que Bruno m'a envoyé (18/04/2018 à 10h43) | E76: ° | G76: 0 | H76: Hors scope départ
C77: Assement forms | D77: Création du test de connaissances initial des opérateurs pour justifier soit la progession, soit le manque de compétences au départ | E77: + | G77: 1 | H77: Hors scope départ
C78: Compte rendu de formation | D78: Mettre en place une synthèse des appréciations de nos STL de l'équipe du client | E78: - | H78: Hors scope départ
C79: Compte rendu de formation | D79: Créer une grille d'évaluation pour le(s) formateur(s) à la fin de la formation, afin de s'auto-évaluer, utiliser le livre de Vial "se repérer dans les modèles d'évaluation" P96 à 98 | E79: - | G79: 0 | H79: Hors scope départ
C80: Assement forms | D80: Voir pour mettre en place une dernier test pour resouder l'équipe sur un problème totalement inconnu de l'équipe et qui permette de tester les capacités de managements, les comportements des individus, etc…. Le motivation et surtout de pouvoir prouver que les gars sont capables en fonctionnant en équipe de trouver une solution jusqu'alors inconnue ! | E80: - | G80: 0.25 | H80: Hors scope départ
C81: Assement forms | D81: Voir pour réduire les quantités de questions dans le second test et ne garder que les questions essentielles, car forcément les infos seront oubliées, ne garder que celles dont on va voir durant la formation ! | E81: + | G81: 0 | H81: Hors scope départ | N81: Ne peux être fait que lorsque les supports de formations sont réalisés
C82: ToolBox Talk | D82: Mettre à jour toutes les procédures du toolbox talk | E82: - | G82: 0 | H82: Hors scope départ
C83: Formateurs | D83: Prévoir un debrief des 2 formateurs après 2/3 jours de formation pour voir les retours du client sur les fiches de notation et essayer d'expliquer les concepts de l'apprenance | E83: - | G83: 0 | H83: Hors scope départ
C84: Compte rendu de formation | D84: Créer une fiche d'évaluation pour l'évaluation à froid | E84: - | G84: 0 | H84: Hors scope départ
C85: Compte rendu de formation | D85: Créer une fiche de type diplôme CNIM pour chaque opérateur à la fin et lui donner pour avoir valider la formation ou échoué | E85: - | G85: 0.5 | H85: Hors scope départ | N85: Fichier créé, reste à le remplir automatiquement
C86: ToolBox Talk | D86: Lors de la convocation, envoyer en avance les thèmes abordés sur chaque système, autant sur le classroom training que sur le hands on, prévoir de le faire longtemps à l'avance du training (genre 2/3 semaines avant de débuter le training) - Dans le training Matrix ! | E86: + | G86: 1 | H86: Hors scope départ
C87: Compte rendu de formation | D87: Créer un questionnaire pour définir les soft skills chez chacun des gars du client (suivi de nos chefs de quarts), attention créer un questionnaire qui serait utilisable par chaque STL qui n'est pas forcément "psy" | E87: + | G87: 0 | H87: Hors scope départ
C88: ToolBox Talk | D88: Donner à chaque participant une petite fiche qui résume ce qui a été réalisé durant la session de formation, qu'il puisse s'en rappeller, ajouter à l'arrière des photos nominatives des composants importants pour qu'ils soient capables de les retrouver à l'extérieur (Geoffrey) | E88: + | G88: 0 | H88: Hors scope départ
C89: Formation | D89: Voir pour mettre en place un atelier lecture PID ! Apparemment ce n'est pas réalisé lors du training théorique Le mettre en place juste après les assessements théorique | E89: + | G89: 1 | H89: Hors scope départ
C90: Compte rendu de formation | D90: réutiliser les termes du schedule dans le rapport de fin de formation | E90: + | G90: 0 | H90: Hors scope départ
D91: Préparer une présentation interne de la formation (embauche de personnels) | E91: + | G91: 0.95 | H91: Hors scope départ
C92: Compte rendu de formation | D92: Inclure le nombre de séances uniques de formation dans le bilan de fin de formation (voir fichier commissioning training programm, sur l'onglet (caché) Groupe attendance forms en colonne AC, le nombre d'enregistrements compte chaque séance unique, de compter le nombre de lignes permettra de mettre le nombre de séances de formation ayant été délivrées | E92: + | G92: 0 | H92: Hors scope départ
C93: Formation théorique | D93: Dans la formation théorique j'aimerais avoir des informations sur les seuils de déclenchements ou le timbre de la chaudière, les rejets de l'EA, pour utiliser cela dans le test final, car c'est important pour l'opération, plus que de savoir si la grille Martin doit se faire griasser 10 fois par jour | E93: + | G93: 0 | H93: Hors scope départ
C94: Avancement | D94: Il faut que je mette à jour dans la matrice "théorique" et "hands on" toutes les cases grisées ou les gens n'ont pas de training, par exemple le office staff ne fera rien sur les traingin hands on sauf la visite de l'usine toutes les autres cases doivent être grisées et ne pas rentrer en compte dans le pourcentage de formation réalisé | E94: + | G94: 0 | H94: Hors scope départ
C95: Transfert | D95: Voir pour créer un "acte de formation", c’est-à-dire le même document avec un objectif par personne, en relation avec management, pour favoriser le transfert | E95: - | G95: 0 | H95: Hors scope départ

Sheet A faire
B2: Début de projet : 24/05/2019 | D2: Printed : | E2: =NOW() -> 43848.978
B3: Etapes à réaliser | C3: % | D3: Description | E3: Commentaires | F3: Groupe principal | G3: Rélié à | H3: Priorité | I3: Sur site | J3: Date d'ajout | K3: Date clotûre | M3: Total
B4: MoM_TMA_01 / B.1 | C4: 1 | F4: A1 | G4: F1 | H4: - | J4: 43609 | K4: =IF(C4<>1,"",IF(K4<>"",K4,TODAY())) -> 43749 | M4: =AVERAGE(C4:C65) -> 0.48258065
B5: MoM_TMA_01 / B.2 | C5: 1 | F5: A2 | H5: + | J5: 43609 | K5: 43690
B6: MoM_TMA_01 / B.3 | C6: 1 | F6: B1 | H6: ° | J6: 43609 | K6: 43690
B7: MoM_TMA_01 / H.1 | C7: 1 | F7: A3 | H7: ° | J7: 43609 | K7: 43631
B8: MoM_TMA_01 / I.1 | C8: 0.75 | F8: A4 | H8: - | J8: 43609 | K8: =IF(C8<>1,"",IF(K8<>"",K8,TODAY()))
B9: MoM_TMA_01 / I.2 | C9: 0.5 | F9: C1 | H9: ° | J9: 43609 | K9: =IF(C9<>1,"",IF(K9<>"",K9,TODAY()))
B10: MoM_TMA_01 / I.3 | C10: 1 | F10: A5 | H10: + | J10: 43609 | K10: 43697
B11: MoM_TMA_01 / J.2 | C11: 1 | H11: + | J11: 43609 | K11: 43612
B12: Protection du contenu | C12: 1 | F12: E1 | H12: + | J12: 43636 | K12: 43678
B13: Qualitatif contenu | C13: 1 | F13: F1 | H13: + | J13: 43649 | K13: =IF(C13<>1,"",IF(K13<>"",K13,TODAY())) -> 43738
B14: Test | C14: 0 | F14: F2 | H14: - | J14: 43649 | K14: =IF(C14<>1,"",IF(K14<>"",K14,TODAY()))
B15: Simulateur - Leçons prérequis | C15: 1 | F15: G1 | H15: + | J15: 43650 | K15: 43655
B16: form | C16: 0.75 | F16: F3 | H16: + | J16: 43650 | K16: =IF(C16<>1,"",IF(K16<>"",K16,TODAY()))
B17: Exams | C17: 0.4 | F17: H1 | H17: ° | J17: 43650 | K17: =IF(C17<>1,"",IF(K17<>"",K17,TODAY()))
B18: Avo Exam | C18: 1 | F18: H2 | H18: + | J18: 43650 | K18: 43651
B19: MoM_TMA_02 / A.1 | C19: 0.5 | F19: A6 | H19: + | J19: 43663 | K19: =IF(C19<>1,"",IF(K19<>"",K19,TODAY()))
B20: MoM_TMA_02 / A.2 | C20: 1 | F20: A7 | H20: ++ | J20: 43663 | K20: 43678
B21: MoM_TMA_02 / C.1 | C21: 1 | F21: I1 | G21: B1 | H21: ++ | J21: 43663 | K21: 43718
B22: MoM_TMA_02 / D.1 | C22: 1 | F22: I2 | H22: + | J22: 43663 | K22: 43690
B23: MoM_TMA_02 / E.1 | C23: 0.75 | F23: I3 | H23: - | J23: 43663 | K23: =IF(C23<>1,"",IF(K23<>"",K23,TODAY()))
B24: MoM_TMA_02 / F.1 | C24: 0 | F24: J1 | H24: - | J24: 43663 | K24: =IF(C24<>1,"",IF(K24<>"",K24,TODAY()))
B25: MoM_TMA_02 / G | C25: 0.5 | F25: I4 | H25: - | J25: 43663 | K25: =IF(C25<>1,"",IF(K25<>"",K25,TODAY()))
B26: Peax | C26: 1 | F26: A8 | H26: + | J26: 43705 | K26: 43718
B27: Constitution équipe | C27: 0 | F27: K1 | H27: ° | J27: 43705 | K27: =IF(C27<>1,"",IF(K27<>"",K27,TODAY()))
B28: Pea | C28: 0.75 | F28: A9 | H28: + | J28: 43718 | K28: =IF(C28<>1,"",IF(K28<>"",K28,TODAY()))
B29: LMS | C29: 1 | F29: I5 | H29: + | J29: 43718 | K29: 43718
B30: LMS - Prestataires | C30: 1 | F30: I6 | H30: + | J30: 43718 | K30: =IF(C30<>1,"",IF(K30<>"",K30,TODAY())) -> 43796
B31: LMS - Cahier technique | C31: 1 | F31: I7 | H31: + | J31: 43718 | K31: =IF(C31<>1,"",IF(K31<>"",K31,TODAY())) -> 43775
B32: DF01-MJ | C32: 0.75 | F32: A12 | H32: + | J32: 43739 | K32: =IF(C32<>1,"",IF(K32<>"",K32,TODAY()))
B33: DF01-MI | C33: 0.5 | F33: A13 | H33: + | J33: 43739 | K33: =IF(C33<>1,"",IF(K33<>"",K33,TODAY()))
B34: DF01-ME | C34: 0.35 | F34: A14 | H34: + | J34: 43739 | K34: =IF(C34<>1,"",IF(K34<>"",K34,TODAY()))
B35: DF01-MA | C35: 0.25 | F35: A15 | H35: + | J35: 43739 | K35: =IF(C35<>1,"",IF(K35<>"",K35,TODAY()))
B36: DF01-MA-m07 | C36: 0.75 | F36: A16 | H36: + | J36: 43739 | K36: =IF(C36<>1,"",IF(K36<>"",K36,TODAY()))
B37: DF01-MI-m01 | C37: 0.6 | F37: A17 | H37: + | J37: 43739 | K37: =IF(C37<>1,"",IF(K37<>"",K37,TODAY()))
B38: DF01-MA-m06 | C38: 0.6 | F38: A18 | H38: + | J38: 43748 | K38: =IF(C38<>1,"",IF(K38<>"",K38,TODAY()))
B39: DF01-MD | C39: 0.25 | F39: A19 | H39: + | J39: 43748 | K39: =IF(C39<>1,"",IF(K39<>"",K39,TODAY()))
B40: DF01-MF | C40: 0.25 | F40: A20 | H40: + | J40: 43748 | K40: =IF(C40<>1,"",IF(K40<>"",K40,TODAY()))
B41: DF01-MJ-m01 | C41: 0.1 | F41: A21 | H41: + | J41: 43748 | K41: =IF(C41<>1,"",IF(K41<>"",K41,TODAY()))
... B60: KB LMS | C60: 0 | F60: B2 | H60: - | J60: 43838 | K60: =IF(C60<>1,"",IF(K60<>"",K60,TODAY()))
B61: Envoie et présentation document | C61: 0 | F61: J6 | G61: J5 | H61: + | J61: 43838 | K61: =IF(C61<>1,"",IF(K61<>"",K61,TODAY()))
B62: DF03-MD | C62: 0.1 | F62: A32 | H62: + | J62: 43840 | K62: =IF(C62<>1,"",IF(K62<>"",K62,TODAY()))
B63: DF03-MC | C63: 0.1 | F63: A33 | H63: + | J63: 43840 | K63: =IF(C63<>1,"",IF(K63<>"",K63,TODAY()))
B64: Difficulté modules | C64: 0 | F64: A34 | H64: - | J64: 43845 | K64: =IF(C64<>1,"",IF(K64<>"",K64,TODAY()))
B65: Modl ec | C65: 0 | K65: =IF(C65<>1,"",IF(K65<>"",K65,TODAY()))
C66: 0 | K66: =IF(C66<>1,"",IF(K66<>"",K66,TODAY()))
C67: 0 | K67: =IF(C67<>1,"",IF(K67<>"",K67,TODAY()))
C68: 0 | K68: =IF(C68<>1,"",IF(K68<>"",K68,TODAY()))
C69: 0 | K69: =IF(C69<>1,"",IF(K69<>"",K69,TODAY()))
C70: 0 | K70: =IF(C70<>1,"",IF(K70<>"",K70,TODAY()))
C71: 0 | K71: =IF(C71<>1,"",IF(K71<>"",K71,TODAY()))
C72: 0 | K72: =IF(C72<>1,"",IF(K72<>"",K72,TODAY()))
C73: 0 | K73: =IF(C73<>1,"",IF(K73<>"",K73,TODAY()))
C74: 0 | K74: =IF(C74<>1,"",IF(K74<>"",K74,TODAY()))
C75: 0 | K75: =IF(C75<>1,"",IF(K75<>"",K75,TODAY()))
C76: 0 | K76: =IF(C76<>1,"",IF(K76<>"",K76,TODAY()))
C77: 0 | K77: =IF(C77<>1,"",IF(K77<>"",K77,TODAY()))
... C112: 0 | K112: =IF(C112<>1,"",IF(K112<>"",K112,TODAY()))

Sheet Résumé François
B3: LMS | C3: Avancement global | D3: Avancement Digitalisation (modules principaux) | E3: Avancement Digitalisation (Modules secondaires) | F3: Avancement digitalisation interne et hebergement
B4: DF00 - | C4: =IFERROR(SUMIF('A faire'!$B$4:$B$1000,LEFT(B4,4)&"*",'A faire'!$C$4:$C$1000)/COUNTIF('A faire'!$B$4:$B$1000,LEFT(B4,4)&"*"),0) -> 0
B5: DF01 - | C5: =IFERROR(SUMIF('A faire'!$B$4:$B$1000,LEFT(B5,4)&"*",'A faire'!$C$4:$C$1000)/COUNTIF('A faire'!$B$4:$B$1000,LEFT(B5,4)&"*"),0) -> 0.39615385
B6: DF02 - | C6: =IFERROR(SUMIF('A faire'!$B$4:$B$1000,LEFT(B6,4)&"*",'A faire'!$C$4:$C$1000)/COUNTIF('A faire'!$B$4:$B$1000,LEFT(B6,4)&"*"),0) -> 0
B7: DF03 - | C7: =IFERROR(SUMIF('A faire'!$B$4:$B$1000,LEFT(B7,4)&"*",'A faire'!$C$4:$C$1000)/COUNTIF('A faire'!$B$4:$B$1000,LEFT(B7,4)&"*"),0) -> 0.175
B8: DF04 - | C8: =IFERROR(SUMIF('A faire'!$B$4:$B$1000,LEFT(B8,4)&"*",'A faire'!$C$4:$C$1000)/COUNTIF('A faire'!$B$4:$B$1000,LEFT(B8,4)&"*"),0) -> 0
B9: DF05 - | C9: =IFERROR(SUMIF('A faire'!$B$4:$B$1000,LEFT(B9,4)&"*",'A faire'!$C$4:$C$1000)/COUNTIF('A faire'!$B$4:$B$1000,LEFT(B9,4)&"*"),0) -> 0
B10: DF06 - | C10: =IFERROR(SUMIF('A faire'!$B$4:$B$1000,LEFT(B10,4)&"*",'A faire'!$C$4:$C$1000)/COUNTIF('A faire'!$B$4:$B$1000,LEFT(B10,4)&"*"),0) -> 0
B11: DF07 - | C11: =IFERROR(SUMIF('A faire'!$B$4:$B$1000,LEFT(B11,4)&"*",'A faire'!$C$4:$C$1000)/COUNTIF('A faire'!$B$4:$B$1000,LEFT(B11,4)&"*"),0) -> 0.02
B12: DF08 - | C12: =IFERROR(SUMIF('A faire'!$B$4:$B$1000,LEFT(B12,4)&"*",'A faire'!$C$4:$C$1000)/COUNTIF('A faire'!$B$4:$B$1000,LEFT(B12,4)&"*"),0) -> 0
B13: DF09 - | C13: =IFERROR(SUMIF('A faire'!$B$4:$B$1000,LEFT(B13,4)&"*",'A faire'!$C$4:$C$1000)/COUNTIF('A faire'!$B$4:$B$1000,LEFT(B13,4)&"*"),0) -> 0
